Map: Ephemeron LE

Players

Mez

  • Race: Zerg Zerg
  • League: Master
  • Spawn Location: 5:00

Mystfade - Winner!

  • Race: Protoss Protoss
  • League: Diamond
  • Spawn Location: 11:00

VOD

Have the link to the VOD?

Description

Time

  • Played on: Aug. 30, 2019, 1:52 a.m.
  • Length: 13:03
Show
View Real Time Build Order
Export as new Build Order

Mez Zerg 

Build Orders: Pool First 

Get SALT Encoding   

  12  0:00  Drone  
  13  0:09  Drone  
  14  0:17  Overlord  
  14  0:35  Drone x3  
  17  0:47  Drone  
  18  1:01  Drone  
  18  1:03  Extractor  
  18  1:12  Spawning Pool  
  17  1:36  Drone x3  
  20  1:59  Zergling x4, Hatchery  
  21  2:08  Metabolic Boost  
  21  2:28  Overlord x2  
  21  2:36  Queen, Hatchery  
  22  2:46  Drone x2  
  23  3:10  Drone x2  
  25  3:15  Queen x2  
  29  3:28  Zergling x4  
  29  3:30  Zergling x2  
  32  3:37  Drone x3  
  35  3:45  Overlord  
  35  4:06  Drone x8  
  43  4:17  Lair  
  43  4:46  Drone x10  
  43  4:47  Drone x3  
  56  4:59  Roach Warren  
  55  5:00  Extractor  
  55  5:02  Extractor  
  55  5:03  Extractor  
  55  5:04  Extractor, Drone x6  
  57  5:11  Spore Crawler  
  57  5:12  Spore Crawler  
  57  5:14  Spore Crawler  
  52  5:30  Drone  
  52  5:31  Drone x5  
  52  5:35  Overlord x3  
  57  5:41  Glial Reconstitution  
  56  5:47  Evolution Chamber x2  
  54  5:50  Drone x4  
  58  6:06  Overlord  
  58  6:07  Overlord  
  58  6:08  Drone x12  
  70  6:18  Zerg Ground Armor Level 1, Zerg Missile Weapons Level 1  
  70  6:28  Roach x10  
  70  6:29  Overlord x2  
  90  6:33  Extractor  
  90  6:39  Overlord  
  89  6:40  Overlord  
  89  6:41  Overlord  
  89  6:51  Nydus Network  
  89  6:53  Roach x5  
  89  6:54  Roach x4  
  106  7:09  Roach x4  
  106  7:14  Tunneling Claws  
  114  7:16  Burrow  
  114  7:17  Overlord  
  114  7:18  Overlord  
  114  7:20  Overlord  
  114  7:33  Roach x8  
  114  7:35  Hatchery  
  114  7:36  Overlord  
  129  7:38  Overlord  
  129  7:51  Roach x7  
  143  8:04  Roach  
  143  8:05  Roach x7  
  159  8:07  Overlord  
  159  8:09  Overlord  
  159  8:29  Roach x9  
  159  8:30  Roach x2  
  181  8:46  Roach  
  181  8:47  Roach x4  
  191  8:50  Overlord  
  191  9:02  Ravager  
  192  9:05  Overlord  
  192  9:07  Queen  
  173  9:28  Roach x3  
  173  9:29  Roach x12  
  168  9:40  Roach  
  168  9:41  Roach x3  
  168  9:45  Overseer  
  173  9:46  Overseer  
  169  10:28  Nydus Canal, Hatchery  
  168  10:39  Queen  
  168  10:40  Queen  
  168  10:42  Nydus Canal  
  87  11:27  Roach x6  
  87  11:39  Overlord  
  87  11:40  Overseer x2  
  41  12:37  Roach  
  41  12:39  Roach  
Show
View Real Time Build Order
Export as new Build Order

Mystfade Protoss - Winner!

Build Orders:  

Get SALT Encoding   

  12  0:01  Probe  
  13  0:13  Probe  
  14  0:19  Pylon  
  14  0:25  Probe  
  15  0:35  Probe  
  15  0:39  Forge  
  16  0:43  Probe  
  17  0:52  Probe  
  17  0:56  Pylon  
  19  1:04  Probe  
  19  1:13  Gateway  
  19  1:16  Probe  
  20  1:26  Assimilator  
  20  1:27  Probe  
  21  1:35  Photon Cannon, Probe  
  22  1:56  Nexus  
  22  1:59  Probe  
  23  2:09  Assimilator  
  23  2:10  Zealot  
  23  2:13  Cybernetics Core  
  25  2:30  Pylon  
  25  2:36  Pylon  
  25  2:48  Probe  
  25  2:50  Shield Battery  
  26  2:52  Stalker  
  26  2:54  Warp Gate  
  28  3:00  Probe  
  29  3:11  Probe  
  29  3:12  Probe  
  30  3:14  Robotics Facility  
  31  3:22  Sentry  
  31  3:25  Probe  
  33  3:28  Probe  
  33  3:33  Probe  
  35  3:38  Gateway  
  36  3:41  Probe  
  36  3:44  Probe  
  38  3:49  Assimilator  
  38  3:51  Pylon  
  38  3:53  Probe  
  39  3:56  Probe  
  40  4:05  Probe  
  40  4:07  Immortal  
  40  4:08  Probe  
  40  4:09  Protoss Ground Weapons Level 1  
  46  4:18  Probe  
  46  4:20  Probe  
  48  4:30  Probe  
  49  4:32  Probe  
  48  4:41  Immortal  
  48  4:42  Probe  
  48  4:44  Probe  
  48  4:46  Gateway  
  48  4:49  Sentry x2  
  56  4:54  Probe  
  56  4:59  Nexus  
  57  5:03  Pylon  
  57  5:05  Probe  
  58  5:10  Probe  
  58  5:13  Assimilator  
  59  5:17  Pylon  
  59  5:23  Robotics Bay  
  59  5:24  Observer  
  60  5:32  Photon Cannon  
  60  5:33  Gateway  
  60  5:43  Pylon  
  60  5:46  Photon Cannon  
  60  5:47  Shield Battery, Probe  
  61  5:53  Probe  
  61  5:54  Protoss Ground Armor Level 1  
  62  5:58  Stalker x3  
  62  6:00  Probe  
  69  6:05  Probe  
  69  6:09  Probe  
  70  6:12  Probe  
  70  6:15  Colossus  
  70  6:17  Probe x2  
  70  6:18  Assimilator  
  73  6:19  Photon Cannon  
  73  6:24  Probe  
  75  6:27  Probe  
  75  6:29  Probe  
  83  6:36  Probe  
  83  6:39  Probe  
  85  6:42  Pylon  
  85  6:44  Probe  
  86  6:48  Assimilator  
  86  6:52  Gateway  
  86  6:53  Gateway  
  86  6:54  Twilight Council  
  86  7:01  Probe  
  86  7:03  Extended Thermal Lance  
  86  7:04  Probe  
  86  7:08  Colossus, Sentry x3  
  94  7:10  Probe  
  94  7:14  Probe  
  96  7:16  Probe  
  103  7:32  Probe  
  103  7:33  Dark Shrine  
  104  7:51  Pylon  
  104  7:53  Nexus  
  104  7:55  Protoss Ground Weapons Level 2  
  104  7:57  Pylon  
  104  7:59  Immortal  
  104  8:01  Pylon  
  108  8:08  Probe  
  109  8:16  Probe  
  110  8:35  Probe  
  110  8:38  Photon Cannon, Pylon  
  110  8:40  Assimilator  
  110  8:44  Assimilator  
  110  8:47  Pylon  
  110  8:48  Dark Templar x2  
  110  8:49  Pylon, Dark Templar x2  
  110  8:51  Pylon  
  118  8:56  Dark Templar x2  
  102  9:21  Dark Templar x2  
  102  9:22  Dark Templar  
  104  9:25  Immortal  
  104  9:28  Dark Templar  
  110  9:37  Charge  
  108  9:41  Gateway  
  108  9:44  Gateway  
  106  9:45  Gateway  
  106  9:46  Gateway  
  106  9:48  Gateway  
  106  9:58  Dark Templar  
  106  9:59  Zealot x2  
  112  10:00  Zealot  
  112  10:09  Zealot x2  
  108  10:21  Nexus  
  108  10:23  Pylon  
  108  10:25  Pylon  
  108  10:27  Pylon, Dark Templar  
  110  10:29  Zealot  
  110  10:34  Dark Templar, Stalker x2  
  110  10:35  Dark Templar  
  120  10:40  Probe  
  121  10:44  Pylon  
  121  10:47  Pylon  
  121  10:49  Dark Templar  
  122  10:50  Dark Templar  
  122  10:51  Zealot x4  
  130  11:02  Stalker x2  
  112  11:14  Dark Templar x2  
  112  11:15  Zealot x2  
  112  11:16  Zealot x2  
  119  11:21  Probe  
  98  11:26  Probe  
  85  11:33  Dark Templar x2  
  79  11:41  Immortal  
  79  11:45  Zealot x4  
  79  11:46  Zealot  
  91  11:52  Probe  
  91  11:53  Zealot x2  
  76  11:55  Probe x2  
  63  12:04  Probe  
  63  12:06  Dark Templar  
  63  12:07  Probe, Dark Templar  
  63  12:08  Probe  
  60  12:09  Zealot x5  
  60  12:10  Zealot  
  60  12:14  Dark Templar x2  
  72  12:16  Probe x2  
  72  12:19  Probe  
  67  12:28  Archon, Probe  
  67  12:30  Zealot x2  
  67  12:31  Probe, Zealot x3  
  67  12:36  Zealot  
  75  12:40  Probe  
  75  12:43  Probe  
  73  12:47  Zealot  
  65  12:51  Zealot  
  65  12:52  Zealot  
Tags
 
Add a new tag
Caveats
  • Supply blocks, unpowered buildings, or Contaminate may cause inaccurate times.
  • Supply counts are checked every 10 seconds.